cohdb
Replays
Latest Replays
All Replays
Popular Replays
Top Player Replays
Match Explorer
How It Works
Community
CoH3 Stats
Reddit
Sign in to upload your games and track your stats! →
Sign in with Steam
Match 37852903
Unlisted
Match 37852903
Overview
Messages
Build Orders
End
Construct Infanterie Kompanie
Kettenkrad Recon Vehicle
Selects Breakthrough Battlegroup
Selects Assault Grenadiers
Grenadier Squad
GrW 34 Mortar Team
Grenadier Squad
Construct Panzergrenadier Kompanie
Panzergrenadier Squad
Medical Station
Pak 40 Anti-tank Gun Team
Construct Panzer Kompanie
Selects Rapid Production
Panzer IV Medium Tank
Selects Blitzkrieg
Panzer IV Medium Tank
MG 42 Machine Gun Team
Stoßtruppen Squad
Selects Tiger Heavy Tank
Tiger Heavy Tank
Panzer Officer Quarters
Side Skirts
Selects Smoke Bombing Run
Smoke Bombing Run
Selects Incendiary Bombing Run
Incendiary Bombing Run
Smoke Bombing Run
Incendiary Bombing Run
BigTiddyLebron
v4mp - HTB -
SneaKerz
gb_gbg
0
0
Comments
sign in to comment!
No comments posted yet!